Map: Dead of Night

Players

NamroodTuo

  • Race: Zerg Zerg

Zeratul

  • Race: Terran Terran
  • Spawn Location: 0:00

VOD

Have the link to the VOD?

Description

Time

  • Played on: May 1, 2023, 6:23 a.m.
  • Length: 26:26
Show
View Real Time Build Order
Export as new Build Order

NamroodTuo Zerg 

Build Orders:  

Get SALT Encoding   

  12  0:20  Infested Barracks  
  12  0:26  Infested SCV  
  13  0:33  Infested SCV  
  14  0:40  Infested SCV  
  15  0:51  Overlord  
  15  1:19  Infested SCV  
  16  1:21  Infestation Level 1  
  16  1:30  Infested Refinery  
  16  1:32  Infested SCV  
  16  1:38  Infested SCV  
  18  1:43  Infested SCV  
  18  1:47  Infested SCV  
  20  1:54  Infested SCV  
  21  2:14  Infested Refinery  
  21  2:21  Infested SCV  
  21  2:22  Infested Engineering Bay  
  21  2:26  Overlord  
  22  2:41  Overlord  
  22  3:12  Infested Bunker  
  26  3:48  Infested Bunker  
  30  3:54  Infested Barracks Tech Lab  
  30  4:30  Infestation Level 2  
  30  4:37  Overlord  
  30  4:39  Infested SCV  
  31  4:53  Retinal Augmentation  
  31  4:56  Infested SCV  
  31  4:58  Infested SCV  
  33  5:09  Unknown  
  33  5:18  Infested SCV x2  
  33  5:19  Infested SCV  
  36  5:31  Infested SCV  
  37  5:40  Stukov Infantry Weapons Level 1  
  37  5:43  Infested SCV  
  42  6:13  Infested Bunker  
  42  6:30  Anaerobic Enhancement  
  42  6:41  Overlord, Infested SCV  
  42  6:42  Infested SCV  
  44  6:54  Infested Refinery  
  44  6:55  Infested SCV  
  44  6:59  Plagued Munitions  
  45  7:12  Overlord  
  45  7:30  Broodling Gestation  
  45  7:38  Infested Factory  
  45  7:43  Infested SCV x2  
  47  8:02  Infested Marine  
  47  8:03  Infested Marine x6  
  58  8:18  Infested Bunker  
  58  8:20  Stukov Infantry Armor Level 1  
  58  8:44  Infested Armory  
  58  8:46  Infested SCV x3  
  58  8:47  Infested SCV  
  62  9:40  Infested Factory Tech Lab  
  55  10:03  Infested Bunker  
  59  10:21  Aggressive Incubation  
  59  10:52  Infested Missile Turret  
  59  11:00  Regenerative Plating  
  59  11:20  Infested Missile Turret  
  59  11:32  Infestation Level 3  
  59  11:46  Infested Bunker  
  63  11:52  Overlord x2  
  63  11:53  Overlord x3  
  63  11:58  Stukov Vehicle and Ship Armor Level 1  
  63  12:00  Stukov Infantry Weapons Level 2  
  63  12:12  Overlord  
  63  12:36  Saturated Cultures  
  63  13:16  Infested Diamondback  
  63  13:17  Infested Diamondback x4  
  78  13:36  Automated Mitosis  
  78  13:49  Infested Missile Turret  
  82  14:11  Overseer  
  82  14:15  Overseer  
  82  14:16  Overseer, Infested Bunker  
  82  14:17  Overseer  
  82  14:35  Acidic Enzymes  
  82  14:37  Stukov Vehicle and Ship Weapons Level 1  
  82  14:40  Infested Diamondback  
  85  15:04  Infested SCV  
  85  15:05  Overlord, Infested SCV  
  87  15:10  Calcified Armor  
  87  15:25  Infested Diamondback x2  
  93  15:49  Infested Diamondback x2  
  99  15:59  Overlord  
  99  16:05  Caustic Mucus  
  99  16:10  Stukov Infantry Armor Level 2  
  99  16:30  Infested Marine  
  99  16:31  Infested Marine x7  
  99  16:32  Infested Marine x12  
  117  17:53  Stukov Vehicle and Ship Armor Level 2  
  117  17:58  Overlord x5  
  117  18:02  Overseer x5  
  117  18:03  Overseer  
  99  19:20  Stukov Infantry Weapons Level 3  
  99  19:50  Infested Siege Tank x4  
  99  19:51  Infested Siege Tank  
  114  20:24  Infested Bunker  
  118  20:35  Infested Bunker  
  126  20:42  Infested Bunker  
  126  20:48  Infested Siege Tank x2  
  132  20:52  Infested Siege Tank  
  132  20:58  Overlord  
  135  21:03  Stukov Vehicle and Ship Weapons Level 2  
  139  23:08  Infested Bunker  
  143  23:57  Infested Bunker  
  143  24:06  Infested Siege Tank x3  
  143  24:07  Infested Diamondback x2  
  158  24:51  Overlord  
  158  24:52  Overlord x4  
Show
View Real Time Build Order
Export as new Build Order

Zeratul Terran 

Build Orders:  

Get SALT Encoding   

  12  0:04  SCV  
  13  0:17  SCV  
  14  0:27  Supply Depot  
  14  0:31  SCV  
  15  0:57  SCV  
  16  1:11  SCV  
  16  1:13  Factory  
  17  1:24  SCV  
  18  1:38  SCV  
  19  1:40  Refinery  
  19  1:50  Supply Depot  
  19  1:52  SCV  
  19  1:53  Refinery  
  20  2:05  SCV  
  21  2:19  SCV  
  22  2:23  Supply Depot  
  22  2:32  SCV  
  22  2:38  Factory Tech Reactor  
  23  2:46  SCV  
  24  2:59  SCV  
  24  3:02  Perdition Turret  
  25  3:13  SCV  
  25  3:14  Supply Depot  
  26  3:27  SCV  
  26  3:28  Perdition Turret  
  27  3:38  Refinery  
  27  3:40  SCV  
  27  3:44  Devastation Turret  
  28  3:54  SCV  
  29  4:07  SCV  
  30  4:13  Engineering Bay, Perdition Turret  
  30  4:20  Perdition Turret  
  30  4:22  Perdition Turret  
  30  4:26  Devastation Turret  
  30  4:38  SCV  
  31  4:51  SCV  
  31  4:59  Armory  
  32  5:05  SCV  
  33  5:18  SCV  
  34  5:21  Goliath  
  36  5:32  SCV, Factory  
  37  5:46  SCV, Devastation Turret  
  38  5:59  SCV  
  38  6:08  Goliath  
  41  6:12  Perdition Turret  
  41  6:16  Perdition Turret  
  41  6:30  Perdition Turret  
  41  6:31  Perdition Turret  
  41  6:37  SCV  
  42  6:50  Supply Depot  
  42  6:51  Supply Depot  
  42  6:52  Regenerative Bio-Steel  
  42  6:59  Upgrade Laser Drill Level 1  
  42  7:04  Factory Tech Reactor  
  42  7:08  Ares-Class Targeting System  
  42  7:27  Goliath  
  44  7:43  Hellbat  
  44  7:44  Hellbat  
  48  8:02  KMC Auto-Loaders  
  48  8:06  SCV  
  49  8:22  Advanced Optics  
  49  8:46  Thor  
  49  8:47  Thor  
  61  9:12  Starport  
  61  9:34  Infernal Pre-Igniter  
  61  9:37  Supply Depot  
  61  10:02  SCV  
  61  10:08  Supply Depot  
  60  10:11  Perdition Turret  
  58  10:35  Perdition Turret  
  58  11:01  Siege Tank  
  58  11:02  Siege Tank  
  64  11:11  Maelstrom Rounds  
  64  11:13  Multi-Lock Weapons System  
  64  11:24  Perdition Turret  
  64  11:33  Starport Tech Reactor  
  64  11:49  Perdition Turret  
  64  11:53  Devastation Turret  
  64  11:58  Devastation Turret  
  64  12:24  Fire-Suppression Systems, Devastation Turret  
  64  12:26  Terran Vehicle and Ship Weapons Level 1  
  64  12:38  Supply Depot  
  64  12:41  Devastation Turret  
  64  12:59  Perdition Turret x2  
  64  13:00  Perdition Turret  
  64  13:02  Upgrade Laser Drill Level 2  
  64  13:09  Supply Depot  
  64  13:13  Devastation Turret  
  64  13:17  Siege Tank x2  
  70  13:20  Goliath x2  
  74  13:30  SCV  
  75  13:41  Supply Depot  
  75  13:49  Perdition Turret  
  75  13:52  Goliath x2  
  75  13:56  Devastation Turret  
  79  14:13  Supply Depot  
  79  14:18  Perdition Turret  
  79  14:19  Perdition Turret x2  
  79  14:33  Siege Tank x4  
  79  14:36  Goliath  
  79  14:38  Thor x2  
  93  14:41  Improved Nano-Repair  
  93  14:53  Factory  
  93  14:56  Supply Depot  
  93  15:03  Supply Depot  
  93  15:06  Terran Vehicle And Ship Armor Level 1  
  93  15:15  Science Vessel  
  93  15:16  Science Vessel  
  93  15:18  Hellbat x2  
  97  15:27  Supply Depot  
  101  15:36  Supply Depot  
  101  15:37  Supply Depot  
  101  16:03  Science Vessel  
  101  16:04  Science Vessel  
  105  16:18  Siege Tank  
  105  16:23  Siege Tank  
  99  17:04  Hellbat x2  
  99  17:09  Factory Tech Reactor  
  99  17:11  Goliath, Siege Tank  
  108  17:33  Thor  
  108  17:34  Thor  
  108  17:36  Perdition Turret  
  108  17:37  Perdition Turret  
  120  18:02  Perdition Turret  
  120  18:04  Perdition Turret  
  120  18:06  Perdition Turret  
  120  18:31  Perdition Turret  
  120  18:40  Perdition Turret  
  120  18:51  Devastation Turret  
  120  18:52  Devastation Turret  
  120  18:55  Siege Tank x2  
  126  19:19  Devastation Turret  
  126  19:38  Devastation Turret  
  126  19:49  Perdition Turret  
  126  19:56  Perdition Turret  
  126  19:59  Perdition Turret  
  126  20:01  Perdition Turret  
  126  20:03  Perdition Turret  
  126  20:04  Perdition Turret x2  
  126  20:05  Perdition Turret x2, Spinning Dizzy  
  126  20:06  Perdition Turret  
  126  20:07  Perdition Turret, Devastation Turret  
  126  20:11  Perdition Turret x2  
  126  20:18  Perdition Turret, Devastation Turret  
  126  20:30  Goliath x2  
  126  20:31  Thor x2  
  126  20:39  Perdition Turret x4  
  142  20:40  Perdition Turret  
  142  20:41  Perdition Turret  
  142  20:43  Perdition Turret x3  
  142  20:44  Perdition Turret x2  
  142  20:46  Perdition Turret x2  
  142  20:47  Perdition Turret  
  142  20:52  Perdition Turret  
  142  20:53  Perdition Turret  
  142  20:54  Perdition Turret  
  142  20:56  Perdition Turret x3  
  142  21:01  Perdition Turret  
  142  21:02  Perdition Turret x2  
  142  21:06  Perdition Turret  
  142  21:08  Perdition Turret  
  142  21:09  Perdition Turret x2  
  142  21:12  Perdition Turret  
  142  21:14  Perdition Turret  
  142  21:15  Perdition Turret  
  142  21:18  Perdition Turret x3  
  141  21:20  Perdition Turret x2  
  141  21:23  Perdition Turret x2  
  140  21:30  Perdition Turret  
  140  21:31  Perdition Turret  
  140  21:34  Perdition Turret, Supply Depot  
  140  21:36  Perdition Turret  
  140  21:37  Perdition Turret, Supply Depot  
  140  21:41  Perdition Turret x2, Supply Depot  
  140  21:45  Perdition Turret  
  140  21:48  Supply Depot  
  139  21:50  Thor x2  
  139  21:51  Perdition Turret  
  139  21:52  Perdition Turret  
  139  21:58  Perdition Turret x2, Hellbat  
  151  22:01  Perdition Turret, Siege Tank  
  151  22:02  Siege Tank  
  151  22:04  Goliath x2  
  151  22:05  Terran Vehicle and Ship Weapons Level 2, Perdition Turret, Siege Tank x4  
  157  22:13  Perdition Turret  
  157  22:19  Supply Depot  
  157  22:23  Hellbat x2  
  161  22:51  Science Vessel x2  
  161  22:58  Goliath x2  
  161  24:31  Siege Tank x4  
  173  25:06  Perdition Turret  
  173  25:08  Perdition Turret  
  173  25:10  Perdition Turret  
  173  25:15  Perdition Turret  
  173  25:33  Devastation Turret  
  173  25:36  Devastation Turret  
  173  25:55  Perdition Turret  
Tags
 
Commander
StukovSwann
Matchup
Co-op
Replay Pack
Multiplayer
Add a new tag
Caveats
  • Supply blocks, unpowered buildings, or Contaminate may cause inaccurate times.
  • Supply counts are checked every 10 seconds.